Cogmind - Beta 11.1 @@@ ROGUE MODE // 2022.06.23 @ 19:17:47 Player: ktur Result: Destroyed by Y-45 Defender with Heavy Assault Rifle Performance ------------- Evolutions (1) 500 Regions Visited (3) 600 Robots Destroyed (46) 230 Value Destroyed (1391) 1391 Prototype IDs (3) 60 Alien Tech Used (0) 0 Bonus (-153) -153 TOTAL SCORE: 2628 Bonus ------- Friendly Fire -153 Cogmind --------- Core Integrity 0/400 Matter 260/300 Energy 280/280 System Corruption 7% Temperature Cool (9) Movement Treading (160) Location -9/Materials Parts ------- > --- POWER (1) -------- Cooled Ion Engine > --- PROPULSION (2) --- Light Treads Light Treads > --- UTILITY (4) ------ Cooling System Large Storage Unit Light Armor Plating Light Armor Plating > --- WEAPON (2) ------- Small Laser Small Laser > --- INVENTORY (15) --- Cooled Ion Engine Cooled Ion Engine Light Treads Light Treads Light Treads High-capacity Storage Unit Large Matter Pod (150) Large Matter Pod (150) Hacking Suite Particle Gun Grenade Launcher Grenade Launcher Grenade Launcher Grenade Launcher Mace Peak State ------------ > --- POWER ------------ Cooled Ion Engine > --- PROPULSION ------- Light Treads Light Treads > --- UTILITY ---------- Cooling System Large Storage Unit Light Armor Plating Light Armor Plating > --- WEAPON ----------- Small Laser Small Laser > --- INVENTORY -------- Cooled Ion Engine Cooled Ion Engine Light Treads Heat Sink High-capacity Storage Unit Large Matter Pod Large Matter Pod Hacking Suite High-powered Tractor Beam Particle Gun Grenade Launcher Grenade Launcher Grenade Launcher Grenade Launcher Mace [Rating: 14] Favorites ----------- Power Ion Engine Engine Ion Engine Propulsion Light Treads Treads Light Treads Leg Aluminum Leg Utility Large Storage Unit Device Improved Heat Sink Storage Large Storage Unit Protection Light Armor Plating Weapon Heavy Assault Rifle Energy Gun Medium Laser Ballistic Gun Heavy Assault Rifle Launcher Grenade Launcher Impact Weapon Mace Build | -11 -10 -10 -9 ------- Run | Scr Mat Min Mat Slots Evolved 2 | . . . 2 Power . | . . . . Propulsion . | . . . . Utility 2 | . . . 2 Weapon . | . . . . Parts Attached 48 | 6 15 10 17 Power 6 | 1 2 2 1 Engine 6 | 1 2 2 1 Core . | . . . . Reactor . | . . . . Propulsion 12 | 2 4 2 4 Treads 11 | 2 4 2 3 Leg 1 | . . . 1 Wheel . | . . . . Hover . | . . . . Flight . | . . . . Utility 12 | 1 5 1 5 Device 6 | . 2 1 3 Storage 4 | 1 3 . . Processor . | . . . . Hackware . | . . . . Protection 2 | . . . 2 Artifact . | . . . . Weapon 18 | 2 4 5 7 Energy Gun 5 | 1 1 . 3 Energy Cannon . | . . . . Ballistic Gun 9 | 1 3 3 2 Ballistic Cannon . | . . . . Launcher 3 | . . 2 1 Special Weapon . | . . . . Impact Weapon 1 | . . . 1 Slashing Weapon . | . . . . Piercing Weapon . | . . . . Special Melee Weapon . | . . . . Unidentified Prototypes 1 | . . . 1 Corrupted Parts 1 | . . . 1 System Corruption 1 | . . . 1 Parts Lost 13 | . . 4 9 Power 2 | . . 1 1 Propulsion 6 | . . 3 3 Utility 1 | . . . 1 Weapon 4 | . . . 4 Highest Loss Streak 9 | . . 3 9 To Critical Strikes . | . . . . Average Slot Usage (%) 85 | . 92 86 64 Engine 11 | . 13 8 5 Treads 23 | . 27 20 11 Device 8 | . 7 14 8 Storage 13 | . 14 14 11 Protection 2 | . . . 8 Energy Gun 9 | . 9 . 11 Ballistic Gun 15 | . 18 26 4 Naked Turns . | . . . . Heaviest Build 49 | 14 49 32 38 Greatest Support 40 | 40 40 40 40 Greatest Overweight (x) 8 | 2 1 1 8 Average Overweight (x) . | . . . 1 Largest Inventory Capacity 15 | 8 15 15 15 Average Capacity 14 | 7 14 15 15 Most Carried 15 | 6 15 15 15 Average Carried 12 | 3 13 14 10 Final Capacity 15 | 8 15 15 15 Final Carried 15 | 6 15 12 15 Class Distribution -------------------- 53% | Mutant 46% | Scavenger-Mutant Dominant Class ---------------- Mutant | -10/Materials Mutant | -10/Mines Scavenger-Mutant | -9/Materials Resources | -11 -10 -10 -9 ----------- Run | Scr Mat Min Mat Matter Collected 1579 | 211 864 146 358 Remotely . | . . . . Salvage Created 1892 | . 944 239 709 Parts 100 | . 47 16 37 Haulers Intercepted 3 | . 2 . 1 Recyclers Shooed 1 | . 1 . . Parts Field Recycled . | . . . . Retrieved Matter . | . . . . Parts Self-Destructed . | . . . . Prevented . | . . . . Kills | -11 -10 -10 -9 ------- Run | Scr Mat Min Mat Combat Hostiles Destroyed 49 | . 16 18 15 Melee 4 | . 1 . 3 Guns 26 | . 15 2 9 AOE 19 | . . 16 3 Classes Destroyed 13 | . 8 2 3 Worker 1 | . 1 . . Builder 2 | . 1 1 . Tunneler 2 | . 1 1 . Hauler 3 | . 2 . 1 Recycler 2 | . 1 1 . Operator 1 | . 1 . . Watcher 1 | . 1 . . Grunt 27 | . 16 2 9 Brawler 1 | . . . 1 Duelist 1 | . . . 1 Sentry 4 | . . . 4 Assembled 16 | . . 16 . Guerrilla 1 | . . 1 . Best Kill Streak 13 | . 3 13 6 Combat Bots Only 12 | . 3 12 6 Max Kills in Single Turn 3 | . 2 3 2 Gunslinging . | . . . . Exploded 3 | . . 3 2 Melee 1 | . 1 . 1 Uniques/NPCs Destroyed . | . . . . Combat | -11 -10 -10 -9 -------- Run | Scr Mat Min Mat Damage Taken 2582 | . 743 582 1257 Core 623 | . 109 110 404 Absorbed by Shields . | . . . . Core Remaining (%) 56 | 100 . 12 . Volleys Fired 156 | . 91 20 45 Largest 2 | . 2 2 2 Hottest 90 | . 90 46 80 Shots Fired 291 | . 183 30 78 Gun 279 | . 183 20 76 Cannon . | . . . . Launcher 12 | . . 10 2 Special . | . . . . Kinetic 188 | . 127 20 41 Thermal 91 | . 56 . 35 Explosive 12 | . . 10 2 Electromagnetic . | . . . . Robot Hit Streak 20 | . 9 8 20 Robot Miss Streak 3 | . 3 3 2 Penetration Max . | . . . . Secondary Targets 4 | . 2 . 2 Max Gunslinging Chain 1 | . 1 . 1 Shots Hit Robots 172 | . 83 16 73 Core Hits 115 | . 40 46 29 Critical Kills . | . . . . Critical Parts Destroyed 2 | . . . 2 Critical Strikes 5 | . 3 . 2 Burn 3 | . 3 . . Smash 2 | . . . 2 Melee Attacks 10 | . . . 10 Impact 10 | . . . 10 Slashing . | . . . . Piercing . | . . . . Sneak Attacks 1 | . . . 1 Combat Hostiles . | . . . . Follow-up Attacks . | . . . . Damage Inflicted 4131 | . 1390 1450 1291 Guns 2127 | . 1154 155 818 Cannons . | . . . . Explosions 1628 | . 201 1282 145 Melee 328 | . . . 328 Ramming 48 | . 35 13 . Kinetic 1376 | . 699 155 522 Thermal 952 | . 656 . 296 Explosive 1427 | . . 1282 145 Electromagnetic . | . . . . Impact 328 | . . . 328 Slashing . | . . . . Piercing . | . . . . Highest Corruption 7 | . 1 2 7 Average Corruption 2 | . 1 1 6 Corruption Purged . | . . . . Corruption Blocked . | . . . . Effects 19 | . 4 2 13 Message Errors 6 | . 2 . 4 Matter Fused 7 | . 1 1 5 Heat Flow Errors 1 | . . . 1 Energy Discharges 2 | . . 1 1 Data Loss (major) 1 | . . . 1 Misfires 1 | . 1 . . Weapon Failures 1 | . . . 1 Overload Shots . | . . . . Overflow Damage 124 | . 61 4 59 Projectiles . | . . . . Explosions 65 | . 61 4 . Melee 59 | . . . 59 Knockbacks 2 | . . . 2 Impact 2 | . . . 2 Kinetic . | . . . . Secondary . | . . . . Self-Inflicted Damage 58 | . . 58 . Shots 2 | . . 2 . Rammed 9 | . 7 2 . Targets Rammed 11 | . 8 3 . Kicked . | . . . . Crushed 2 | . 1 1 . Highest Temperature 302 | . 302 . 154 Average Temperature 66 | . 68 . 38 Received Heat Transfer 1054 | . 453 133 468 Effects 1 | . 1 . . Energy Bleed 1 | . 1 . . Siege Activations . | . . . . Robots Corrupted . | . . . . Combat Hostiles . | . . . . Parts Fried 1 | . . . 1 Impact Corruptions 3 | . . . 3 Robots Melted . | . . . . Combat Hostiles . | . . . . Parts Melted 4 | . 3 . 1 Heat Transferred 2318 | . 1643 . 675 Parts Sabotaged . | . . . . Parts Stolen . | . . . . Parts Stripped . | . . . . Power Chain Reactions . | . . . . Missiles Intercepted . | . . . . Alert | -11 -10 -10 -9 ------- Run | Scr Mat Min Mat Peak Influence 330 | . 330 247 304 Initial 95 | . . 95 92 Average 174 | . 171 209 191 Maximum Alert Level 1 | . 1 1 1 Low Security (%) 63 | 100 69 39 52 Level 1 36 | . 30 60 47 Level 2 . | . . . . Level 3 . | . . . . Level 4 . | . . . . Level 5 . | . . . . High Security . | . . . . Max Security . | . . . . Squads Dispatched 5 | . 4 . 1 Investigation 3 | . 3 . . Extermination . | . . . . Reinforcement 2 | . 1 . 1 Assault . | . . . . Garrison . | . . . . Intercept . | . . . . Searches Triggered . | . . . . Construction Impeded . | . . . . Haulers Reinforced . | . . . . Active Scanning Responses . | . . . . Cargo Convoy Interrupts . | . . . . Stealth | -11 -10 -10 -9 --------- Run | Scr Mat Min Mat Distress Signals 4 | . 2 . 2 Communications Jammed . | . . . . Distress Signals . | . . . . Times Spotted 72 | . 25 24 23 Peak Tracking Total 16 | . 4 16 7 Tactical Retreats 3 | . 1 . 2 Traps | -11 -10 -10 -9 ------- Run | Scr Mat Min Mat Traps Triggered 3 | . 3 . . Indirectly . | . . . . Trap Hack Attempts . | . . . . Triggered . | . . . . Disarmed . | . . . . Reprogrammed . | . . . . Reused . | . . . . Traps Extracted . | . . . . Installed . | . . . . Triggered 1 | . . . 1 Machines | -11 -10 -10 -9 ---------- Run | Scr Mat Min Mat Machines Disabled 7 | . 7 . . Max in Single Turn 7 | . 7 . . Machines Sabotaged . | . . . . Garrisons Compromised . | . . . . Overloaded Fab Kills . | . . . . Hacking | -11 -10 -10 -9 --------- Run | Scr Mat Min Mat Machines Accessed 12 | . 10 . 2 Terminals 9 | . 7 . 2 Fabricators . | . . . . Repair Stations 1 | . 1 . . Recycling Units 2 | . 2 . . Scanalyzers . | . . . . Garrison Access . | . . . . Total Hacks 29 | . 23 . 6 Successful 15 | . 12 . 3 Failed 14 | . 11 . 3 Catastrophic 2 | . 2 . . Database Lockouts . | . . . . Manual 19 | . 14 . 5 Terminals 22 | . 16 . 6 Fabricators . | . . . . Repair Stations 3 | . 3 . . Recycling Units 4 | . 4 . . Scanalyzers . | . . . . Garrison Access . | . . . . Terminal Hacks 9 | . 7 . 2 Record 1 | . 1 . . Part Schematic 2 | . 2 . . Robot Analysis 2 | . 2 . . Prototype ID Bank 1 | . 1 . . Alert Level 1 | . . . 1 Locate Traps 2 | . 1 . 1 Fabricator Hacks . | . . . . Repair Station Hacks 1 | . 1 . . Scan Component 1 | . 1 . . Recycling Unit Hacks . | . . . . Scanalyzer . | . . . . Garrison Access Hacks . | . . . . Unauthorized Hacks 5 | . 4 . 1 Terminals 3 | . 2 . 1 Botnet 2 | . 1 . 1 Operators 1 | . 1 . . Fabricators . | . . . . Repair Stations . | . . . . Recycling Units 2 | . 2 . . Tunnel 2 | . 2 . . Scanalyzers . | . . . . Garrison Access . | . . . . Data Cores Recovered . | . . . . Used . | . . . . Hacking Detections 9 | . 7 . 2 Full Trace Events 1 | . 1 . . Feedback Events . | . . . . Feedback Blocked . | . . . . Robot Schematics Acquired . | . . . . Robots Built . | . . . . Authchips . | . . . . Time . | . . . . Total Robot Build Rating . | . . . . Part Schematics Acquired 2 | . 2 . . Parts Built . | . . . . Authchips . | . . . . Time . | . . . . Total Part Build Rating . | . . . . Parts Repaired . | . . . . Time . | . . . . Parts Recycled . | . . . . Recycled Matter . | . . . . Retrieved Matter . | . . . . Retrieved Components . | . . . . Parts Scanalyzed . | . . . . Part Schematics Acquired . | . . . . Parts Damaged . | . . . . Bothacking | -11 -10 -10 -9 ------------ Run | Scr Mat Min Mat Used RIF Installer . | . . . . Robots Hacked . | . . . . Non-combat . | . . . . Combat . | . . . . Robot Hacks Applied . | . . . . Relay Couplers Released . | . . . . Fabnet Peak Effective % . | . . . . Robots Rewired . | . . . . Allies Hacked . | . . . . Hacks Repelled . | . . . . Allies | -11 -10 -10 -9 -------- Run | Scr Mat Min Mat Total Allies . | . . . . Largest Group . | . . . . Highest-Rated Group . | . . . . Highest-Rated Ally . | . . . . Total Orders . | . . . . Ally Attacks . | . . . . Total Damage . | . . . . Kills . | . . . . Allies Corrupted . | . . . . Allies Melted . | . . . . Intel | -11 -10 -10 -9 ------- Run | Scr Mat Min Mat Robot Analysis Total 2 | . 2 . . Derelict Logs Recovered 1 | . . 1 . Drone Launches . | . . . . Drone Recoveries . | . . . . Exploration | -11 -10 -10 -9 ------------- Run | Scr Mat Min Mat Turns Passed 2540 | 68 1643 220 609 Spaces Moved 1068 | 38 787 79 164 Core 16 | 7 . . 9 Treads 1050 | 31 787 79 153 Legs 2 | . . . 2 Wheels . | . . . . Hover . | . . . . Flight . | . . . . Fastest Speed 50 | 50 160 160 160 Average Speed 171 | 142 160 191 221 Slowest Speed 450 | 160 240 240 450 Overloaded Moves . | . . . . Propulsion Burnouts . | . . . . Robots Hopped . | . . . . Cave-ins Triggered . | . . . . Exploration Rate (%) 34 | 4 97 19 19 Regions Visited 3 Branch Regions 1 Pre-discovered Areas 2 | . 2 . . Known Exits Taken . | . . . . Unknown Exits Taken 3 | 1 1 1 . Scrap Searched . | . . . . Spaces Dug . | . . . . Terrain Destroyed 93 | . 23 61 9 Melee . | . . . . Projectile . | . . . . AOE 93 | . 23 61 9 Terrain Rammed . | . . . . Walls Destroyed . | . . . . Machines Disabled . | . . . . Actions | -11 -10 -10 -9 --------- Run | Scr Mat Min Mat Total 1453 | 50 979 115 309 Wait 112 | . 49 2 61 Move 1066 | 37 786 79 164 Hop . | . . . . Pick Up 31 | 7 16 . 8 Fast Attach 24 | 5 9 . 10 Attach 8 | 1 . 3 4 Detach 1 | . . . 1 Swap 16 | . 6 7 3 Drop 19 | . 14 2 3 Fire 156 | . 91 20 45 Melee 10 | . . . 10 Ram . | . . . . Kick . | . . . . Crush 10 | . 8 2 . Escape Stasis . | . . . . Rewire . | . . . . Trap . | . . . . Miscellaneous . | . . . . Route ------- -11/Scrapyard -10/Materials (discovered 4 exits: *Mat x3 / [*Min]) -10/Mines -9/Materials History --------- Turn | Location | Event 34 | -11/Scrapyard | Discovered new exit (range 13) 69 | -11/Scrapyard | Entered Materials 309 | -10/Materials | Build established: Mutant 516 | -10/Materials | Discovered new exit (range 4) 869 | -10/Materials | Discovered new exit (range 12) 1088 | -10/Materials | Discovered new exit (range 14) 1238 | -10/Materials | Build established: Scavenger-Mutant 1591 | -10/Materials | Discovered new exit (range 12) 1712 | -10/Materials | Entered Mines 1785 | -10/Mines | Learned 4 Materials zone layouts 1788 | -10/Mines | Assembled infested the area 1793 | -10/Mines | Assisted by a Guerilla fighting off Assembled 1804 | -10/Mines | Core integrity fell below 50% 1822 | -10/Mines | Core integrity fell below 20% 1830 | -10/Mines | Destroyed 12 combat bots 1851 | -10/Mines | Lost 3 parts (1p2n) 1926 | -10/Mines | Discovered new exit (range 4) 1932 | -10/Mines | Entered Materials 1932 | -9/Materials | Evolved 2 slots: Utility x2 2084 | -9/Materials | Core integrity fell below 50% 2109 | -9/Materials | Build established: Mutant 2111 | -9/Materials | Lost 9 parts (1p3n1u4w) 2418 | -9/Materials | Core integrity fell below 20% 2529 | -9/Materials | Build established: Scavenger-Mutant 2541 | -9/Materials | Destroyed by Y-45 Defender with Heavy Assault Rifle Last Messages --------------- 02491_ G-47 Trooper destroyed. 02492_ Z8NPB WCTKU>S|G%2DPDI%KT8TBZJ/FD2G|ZG0 02493_ G-34 Mercenary destroyed. 02499_ Dropped Heat Sink. 02500_ U-05 Engineer lays Concrete. 02500_ Acquired Lgt. Treads. 02501_ U-05 Engineer builds a Wall. 02501_ Acquired 53 matter. 02506_ U-05 Engineer lays Concrete. 02508_ Dropped Hpw. Tractor Beam. 02509_ The unstable cave ceiling collapses. 02509_ U-05 Engineer lays Concrete. 02509_ Acquired Lgt. Treads. 02510_ System corrupted: Energy discharge (-56). 02510_ U-05 Engineer lays Concrete. 02514_ U-05 Engineer builds a Wall. 02522_ U-05 Engineer lays Concrete. 02528_ S7U6GXWE5G/AF PW017N7 02528_ U-05 Engineer lays Concrete. 02539_ U-05 Engineer builds a Wall. Map ----- +----------------------------------------------------+ | ???????????????????????????????????????????? | | ???????????????????????????????????????????? | | ???????????????????????????????????????????? | | ???????????????????????????????????????????? | | ???????????????????????????????????????????? | | ???????????????????????????????????????????? | | ???????????????????????????????????????????? | | ?????????????????????????####??????????????? | | ?????????????????????????"" #??????????????? | | ?????????????????##??????R" #??????????????? | | ???????????????? #????? " #??????????????? | | ??????????????? #????? #??????????????? | | ??????????????? #????? #??????????????? | | ???????????????# #?????"" #??????????????? | | ???????????????# #?????"" #??????????????? | | ???????????????# #?????"" #??????????????? | | ???????????????# +????? #??????????????? | | ?????????????### #?????####???###########? | | ?????????????# # #????????????# #? | | ????????????## # ##?????####### """ """ ## | | ???????########[u ####### # """ """ # | | ???????# =%!%! # """ """ ## | | ???????# ! ! *% ^ ????????????? | | ???????#! ^ ?????????????? | | ???????# *## Y###????????????????????? | | ???????# #### @#??????????????????????? | | ???????# #??#! !#?????????????????????? | | ######## #??#! !#?????????????????????? | | # ## #??##!!!!##?????????????????????? | | # ## #???######??????????????????????? | | # ## ##??????????????????????????????? | | # # #??????????????????????????????? | | # # #??????????????????????????????? | | # !*+ * #??????????????????????????????? | | # %*# #??????????????????????????????? | | # ![%# #??????????????????????????????? | | # *#######??????????????????????????????? | | # #????????????????????????????????????? | | # #????????????????????^???????????????? | | # #????????????????????????????????????? | | #####+#????????????????????????????????????? | | ????# ########+##??????????????????????????? | | ????# # #??????????????????????????? | | ????# # """ #????????????^?????????????? | | ????# + "T" #??????????^???????????????? | | ????# # #??????????????????????????? | | ????# #####+#####??????????????????????????? | | ????# #??????????????????????????????? | | ????# #??????????????????????????????? | | ????# "T" #??????????????????????????????? | +----------------------------------------------------+ Best States ------------- Heat Dissipation 50 Energy Generation 14 Energy Capacity 280 Matter Stores 300 Matter Capacity 300 Sight Range 16 Terrain Scan Density 10 Armor Coverage 300 Evasion (%) 40 Recoil Reduction 2 Item Schematics ----------------- Hcp. Storage Unit | -10/Materials | Hacked Huge Storage Unit | -10/Materials | Hacked Robot Schematics ------------------ None Fabricated ------------ Nothing Alien Tech Used ----------------- None Achievements -------------- None Challenges ------------ None Game ------ Seed XenonTargetPropulsion Manual? 0 Play Time 00:14:53 Cumulative 493.2 hours Start 2022.06.23 @ 19:05:36 End 2022.06.23 @ 19:17:47 Sessions 1 Manual Loads 0 Difficulty Rogue Special Mode None Game No. 464 Rogue 464 Adventurer 0 Explorer 0 Win Type - Total 22 Types 13/2/4/2/0/0/0/1/0 Lore% 94 Gallery% 93 Achievement% 78 Wizard Run 0 Options --------- ASCII 0 Keyboard 0 Movement Arrows Keybinds 0 Fullscreen 1 Font 18/Smallcaps Map View 76x50 Tactical HUD 1 Map Filters NONE Filters NONE Steam 1 RUN: 8a933d41-1984-4b2e-9991-7ce24ad266d1